 Dungeon Crawl Stone Soup version 0.31-a0-819-gf6de2f5ab6 (webtiles) character file.

Game seed: 6073904722690648714

41881 qw the Marksgargoyle (level 14, 0/92 HPs)
             Began as a Gargoyle Hunter on Sept 23, 2023.
             Was an Elder of Okawaru.
             Slain by a blink frog (9 damage)
             ... on level 3 of the Lair of Beasts.
             The game lasted 00:07:23 (14079 turns).

qw the Marksgargoyle (Gargoyle Hunter)             Turns: 14079, Time: 00:07:23

Health: 0/92       AC: 27    Str: 16    XL:     14   Next: 17%
Magic:  21/21      EV: 18    Int: 10    God:    Okawaru [****..]
Gold:   877        SH:  0    Dex: 17    Spells: 13/13 levels left

rFire   . . .        Y - +0 orcbow
rCold   . . .        (shield currently unavailable)
rNeg    + . .        v - +0 troll leather armour
rPois   inf          j - +2 hat
rElec   +            a - +0 cloak
rCorr   .            u - +0 pair of gloves
SInv    +            f - +2 pair of boots
Will    +....        c - amulet of faith
Stlth   +++          e - +4 ring of protection
HPRegen 1.15/turn    d - ring of see invisible
MPRegen 0.17/turn

%: faith
@: heroic, flying
A: sickness immunity, AC +10, big wings, negative energy resistance 1,
electricity resistance, torment resistance 1, petrification resistance
a: Renounce Religion, Heroism, Finesse


You were on level 3 of the Lair of Beasts.
You worshipped Okawaru.
Okawaru was greatly pleased with you.
You visited 3 branches of the dungeon, and saw 15 of its levels.
You also visited: Ossuary.

You collected 877 gold pieces.


Innate Abilities, Weirdness & Mutations

You are immune to sickness and miasma.
Your stone body is resilient. (AC +10)
You are immune to poison.
Your large and strong wings let you fly.
You resist negative energy. (rN+)
You are resistant to electric shocks. (rElec)
You are resistant to unholy torment.
You are immune to petrification.


   Skills:
 + Level 12.7(17.7) Fighting
 - Level 16.0(21.0) Ranged Weapons
 - Level 6.2(11.2) Armour
 - Level 6.0(11.0) Dodging
 - Level 1.1(6.1) Stealth
 + Level 9.4 Invocations


You had 13 spell levels left.
You didn't know any spells.
Your spell library was empty.

Inventory:

Hand Weapons
 Y - a +0 orcbow (weapon)
Armour
 a - a +0 cloak (worn)
 f - a +2 pair of boots (worn)
 j - a +2 hat (worn)
 o - a +0 leather armour of fire resistance
 u - a +0 pair of gloves (worn)
 v - a +0 troll leather armour (worn)
Jewellery
 b - a ring of protection from fire
 c - an amulet of faith (around neck)
 d - a ring of see invisible (right hand)
 e - a +4 ring of protection (left hand)
 l - an amulet of reflection
 r - a +6 ring of strength
 t - a ring of protection from fire
Wands
 x - a wand of digging (4)
Scrolls
 m - a scroll of identify
Potions
 g - a potion of might
 h - a potion of haste
 i - a potion of curing
 k - 2 potions of resistance
 p - a potion of magic
 q - a potion of enlightenment
 s - a potion of mutation {unknown}

Dungeon Overview and Level Annotations

Branches:
Dungeon (11/15)            Temple (1/1) D:6            Lair (3/5) D:11
  Swamp (0/4) Lair:2       Spider (0/4) Lair:2          Orc (0/2) D:10
Ossuary (visited)

Altars:
Ashenzari
Cheibriados
Dithmenos
Elyvilon
Fedhas
Gozag
Hepliaklqana
Kikubaaqudgha
Makhleb
Nemelex Xobeh
Okawaru
Qazlal
Ru
Sif Muna
Trog
Uskayaw
Vehumet
Wu Jian
Xom
Yredelemnul
Zin
The Shining One

Shops:
D:8 (   D:11 (

Annotations:
D:5 1 runed translucent door
D:9 1 runed translucent door
D:10 2 runed translucent doors
D:11 2 runed translucent doors, Buukuwni's ghost, journeyman GrFi


Message History

Okawaru accepts your kill.
The blink frog blinks!
The death yak completely misses you. The death yak misses you.
You shoot an arrow.
The arrow hits the death yak but does no damage.
The death yak is heavily wounded.
You shoot an arrow. The arrow hits the death yak.
The death yak is heavily wounded.
The blink frog hits you but does no damage.
The death yak gores you but does no damage.
The death yak gores you.
You shoot an arrow.
The arrow completely misses the blink frog.
The blink frog blinks!
You shoot an arrow.
The arrow hits the death yak but does no damage.
The death yak is heavily wounded.
The death yak closely misses you.
You shoot an arrow.
The arrow hits the death yak but does no damage.
The death yak is heavily wounded.
The blink frog hits you.
You shoot an arrow. The arrow hits the death yak!!
The death yak is almost dead.
The blink frog blinks!
The death yak gores you!
The death yak gores you but does no damage.
You shoot an arrow.
The arrow hits the death yak but does no damage.
The death yak is almost dead.
The blink frog misses you.
The blink frog blinks!
The death yak gores you! The death yak gores you!!
You shoot an arrow.
The arrow hits the death yak but does no damage.
The death yak is almost dead.
The blink frog closely misses you. The death yak closely misses you.
The death yak gores you.
You shoot an arrow. The arrow hits the death yak!
The death yak is almost dead.
The blink frog hits you!
You die...

.......# ....... ...
##### ##### .? #
##........... ..# #
##............ ..#
###...........# ..###
..............## #Y..P#
..............P####.F..##
#..#...........#@#......#
#.###.........FFYYY...P##
###
#...........ยค.......#
..# #..######..#####..###
.#.##...# #### ..... .#
##..P# ..... .# #...#
..... .# #..## .....
P####..##


You could see 3 death yaks and 2 blink frogs.

Vanquished Creatures
  A ghost crab (Lair:2)
  3 two-headed ogres
  2 boulder beetles
  A death yak (Lair:2)
  2 skysharks
  2 cyclopes
  5 elephants (Lair:2)
  A gargoyle (D:10)
  2 rime drakes (Lair:1)
  Maggie (D:7)
  6 cane toads
  3 komodo dragons
  A spectral skyshark (Lair:2)
  5 trolls
  2 polar bears (Lair:1)
  A hornet (D:7)
  12 blink frogs
  4 slime creatures (D:11)
  Sigmund (D:6)
  17 yaks
  4 wyverns
  A wraith (D:9)
  4 vampire mosquitoes
  3 steam dragons
  Menkaure (D:7)
  A spectral cane toad (Lair:2)
  Edmund (D:3)
  2 acid dragons (D:11)
  7 water moccasins
  Duvessa (D:4)
  3 black bears
  A spectral yak (Lair:2)
  2 orc warriors
  An ice beast (D:7)
  A spectral blink frog (Lair:2)
  An ogre (D:5)
  A phantom (D:5)
  Blork the orc (D:4)
  A kobold brigand (D:9)
  8 bullfrogs
  2 gnoll sergeants
  2 scorpions
  5 wights (D:7)
  Dowan (D:4)
  16 killer bees
  5 howler monkeys
  A human zombie (Ossuary)
  A hound (D:6)
  A gnoll bouda (D:7)
  6 orc priests
  5 iguanas
  A sleepcap (D:7)
  Terence (D:3)
  6 orc wizards
  A hound zombie (D:3)
  3 mummies (Ossuary)
  A hound skeleton (D:3)
  4 adders
  21 gnolls
  3 white imps
  2 ufetubi
  An adder skeleton (D:3)
  2 adder zombies (Ossuary)
  5 dart slugs
  38 orcs
  4 ball pythons
  2 bats (D:1)
  6 endoplasms
  3 giant cockroaches
  12 goblins
  7 hobgoblins
  3 quokkas
  A ball python zombie (D:3)
  A frilled lizard (D:1)
  A jackal zombie (D:5)
  6 kobolds
  A quokka zombie (Ossuary)
  4 rats
  2 rat zombies (Ossuary)
304 creatures vanquished.

Vanquished Creatures (others)
  A gnoll (D:8)
1 creature vanquished.

Grand Total: 305 creatures vanquished

Notes
Turn   | Place    | Note
-------+----------+-------------------------------------------
     0 | D:1      | qw the Gargoyle Hunter began the quest for the Orb.
     0 | D:1      | Reached XP level 1. HP: 12/12 MP: 1/1
     0 | D:1      | 0 ||| qw: Version: 0.3-a-83-gcd0e7d8
     0 | D:1      | 0 ||| qw: Game counter: 1688
     0 | D:1      | 0 ||| qw: Melee chars always use a shield: true
     0 | D:1      | 0 ||| qw: God list: Okawaru
     0 | D:1      | 0 ||| qw: Allow faded altars: false
     0 | D:1      | 0 ||| qw: Do Orc after clearing Dungeon:15 true
     0 | D:1      | 0 ||| qw: Do second Lair branch before Depths: true
     0 | D:1      | 0 ||| qw: Lair rune preference: random
     0 | D:1      | 0 ||| qw: Goals: Normal
     0 | D:1      | 0 ||| PLANNING D:1-11
   196 | D:1      | Reached XP level 2. HP: 16/17 MP: 2/2
   585 | D:1      | Reached XP level 3. HP: 21/21 MP: 3/3
   623 | D:1      | Reached skill level 5 in Ranged Weapons
   788 | D:1      | 788 ||| UPGRADING to +2 hat.
   793 | D:1      | 793 ||| UPGRADING to amulet of reflection.
   798 | D:1      | 798 ||| DROPPING ring of magical power.
   799 | D:1      | 799 ||| UPGRADING to +4 ring of protection.
   800 | D:1      | 800 ||| UPGRADING to ring of protection from fire.
   801 | D:1      | 801 ||| READING scroll labelled ECECLESTR ITUE.
   802 | D:1      | 802 ||| READING 2 scrolls labelled CUONNO BAYBA.
   805 | D:1      | 805 ||| DRINKING 2 bubbling grey potions.
   806 | D:1      | 806 ||| DROPPING scroll of butterflies.
   815 | D:2      | 815 ||| STAIRDANCE
  1011 | D:2      | Reached skill level 3 in Fighting
  1105 | D:2      | 1105 ||| RETREEAATING.
  1109 | D:2      | 1109 ||| RETREEAATING.
  1116 | D:2      | Reached XP level 4. HP: 11/28 MP: 4/4
  1118 | D:2      | 1118 ||| Stepping ~*~*~tactically~*~*~ (retreating).
  1330 | D:2      | 1330 ||| UPGRADING to +0 cloak.
  1335 | D:2      | 1335 ||| DRINKING 2 sedimented dark potions.
  1336 | D:2      | 1336 ||| DROPPING potion of magic.
  1442 | D:3      | Noticed Terence
  1450 | D:3      | Killed Terence
  1451 | D:3      | Reached XP level 5. HP: 23/32 MP: 5/5
  1512 | D:3      | Reached skill level 6 in Ranged Weapons
  1569 | D:3      | Found a sacrificial altar of Ru.
  1574 | D:3      | Reached skill level 1 in Armour
  1880 | D:3      | HP: 7/32 [gnoll/+0 halberd (4)]
  1881 | D:3      | 1881 ||| READING 2 scrolls of teleportation.
  2059 | D:3      | Reached XP level 6. HP: 38/38 MP: 6/6
  2277 | D:3      | 2277 ||| READING 2 scrolls labelled LYHUFU VIBAALA.
  2278 | D:3      | 2278 ||| READING scroll labelled VUSHUONOMY.
  2279 | D:3      | 2279 ||| READING scroll labelled ACOH BAZEOH.
  2280 | D:3      | 2280 ||| DRINKING 3 bubbling silvery potions.
  2307 | D:3      | 2307 ||| DROPPING 2 potions of lignification.
  2308 | D:3      | 2308 ||| DROPPING scroll of poison.
  2438 | D:4      | Found a stormy altar of Qazlal.
  2449 | D:4      | Noticed Duvessa
  2450 | D:4      | 2450 ||| Stepping ~*~*~tactically~*~*~ (retreating).
  2487 | D:4      | Noticed Dowan
  2488 | D:4      | 2488 ||| FLEEEEING.
  2580 | D:4      | 2580 ||| RETREEAATING.
  2582 | D:4      | 2582 ||| Stepping ~*~*~tactically~*~*~ (retreating).
  2583 | D:4      | 2583 ||| Stepping ~*~*~tactically~*~*~ (retreating).
  2584 | D:4      | 2584 ||| Stepping ~*~*~tactically~*~*~ (retreating).
  2585 | D:4      | 2585 ||| Stepping ~*~*~tactically~*~*~ (retreating).
  2586 | D:4      | 2586 ||| Stepping ~*~*~tactically~*~*~ (retreating).
  2601 | D:4      | Killed Duvessa
  2615 | D:4      | Reached skill level 7 in Ranged Weapons
  2620 | D:4      | Killed Dowan
  2621 | D:4      | Reached XP level 7. HP: 19/43 MP: 7/7
  2918 | D:4      | Noticed Edmund
  2926 | D:4      | 2926 ||| READING scroll of teleportation.
  2958 | D:4      | Found a broken altar of Ashenzari.
  3003 | D:4      | Found a burning altar of Makhleb.
  3075 | D:4      | Noticed Blork the orc
  3092 | D:4      | Killed Blork the orc
  3093 | D:4      | Reached skill level 8 in Ranged Weapons
  3219 | D:4      | 3219 ||| FLEEEEING.
  3220 | D:4      | 3220 ||| FLEEEEING.
  3221 | D:4      | 3221 ||| FLEEEEING.
  3222 | D:4      | 3222 ||| FLEEEEING.
  3223 | D:4      | 3223 ||| FLEEEEING.
  3224 | D:4      | 3224 ||| FLEEEEING.
  3225 | D:4      | 3225 ||| FLEEEEING.
  3226 | D:4      | 3226 ||| STAIRDANCE
  3228 | D:3      | 3228 ||| FLEEEEING.
  3229 | D:3      | 3229 ||| FLEEEEING.
  3230 | D:3      | 3230 ||| FLEEEEING.
  3231 | D:3      | 3231 ||| FLEEEEING.
  3232 | D:3      | 3232 ||| FLEEEEING.
  3233 | D:3      | 3233 ||| FLEEEEING.
  3234 | D:3      | 3234 ||| FLEEEEING.
  3235 | D:3      | 3235 ||| FLEEEEING.
  3236 | D:3      | 3236 ||| FLEEEEING.
  3238 | D:3      | 3238 ||| FLEEEEING.
  3239 | D:3      | 3239 ||| FLEEEEING.
  3241 | D:3      | 3241 ||| FLEEEEING.
  3242 | D:3      | 3242 ||| FLEEEEING.
  3244 | D:3      | 3244 ||| FLEEEEING.
  3272 | D:3      | 3272 ||| FLEEEEING.
  3273 | D:3      | 3273 ||| FLEEEEING.
  3274 | D:3      | 3274 ||| FLEEEEING.
  3275 | D:3      | 3275 ||| FLEEEEING.
  3276 | D:3      | 3276 ||| FLEEEEING.
  3277 | D:3      | 3277 ||| FLEEEEING.
  3278 | D:3      | 3278 ||| FLEEEEING.
  3279 | D:3      | 3279 ||| FLEEEEING.
  3280 | D:3      | 3280 ||| FLEEEEING.
  3281 | D:3      | 3281 ||| FLEEEEING.
  3282 | D:3      | 3282 ||| FLEEEEING.
  3283 | D:3      | 3283 ||| FLEEEEING.
  3284 | D:3      | 3284 ||| FLEEEEING.
  3285 | D:3      | 3285 ||| FLEEEEING.
  3286 | D:3      | 3286 ||| FLEEEEING.
  3287 | D:3      | 3287 ||| FLEEEEING.
  3288 | D:3      | 3288 ||| FLEEEEING.
  3289 | D:3      | 3289 ||| FLEEEEING.
  3290 | D:3      | 3290 ||| FLEEEEING.
  3291 | D:3      | 3291 ||| FLEEEEING.
  3292 | D:3      | 3292 ||| FLEEEEING.
  3294 | D:3      | 3294 ||| FLEEEEING.
  3295 | D:3      | 3295 ||| STAIRDANCE
  3383 | D:2      | 3383 ||| UPGRADING to ring of see invisible.
  3385 | D:2      | 3385 ||| READING scroll labelled DASUZY YHUUR.
  3386 | D:2      | 3386 ||| READING 3 scrolls labelled JEGEXTOGHA.
  3387 | D:2      | 3387 ||| READING 2 scrolls of enchant weapon.
  3387 | D:2      | 3387 ||| ENCHANTING +1 shortbow.
  3388 | D:2      | 3388 ||| READING scroll of enchant weapon.
  3388 | D:2      | 3388 ||| ENCHANTING +2 shortbow.
  3389 | D:2      | 3389 ||| READING scroll labelled JIAMIGOTRO.
  3390 | D:2      | 3390 ||| READING scroll labelled NASAP ERIV.
  3391 | D:2      | 3391 ||| DRINKING 2 metallic brown potions.
  3392 | D:2      | 3392 ||| DROPPING potion of degeneration.
  3399 | D:3      | Killed Edmund
  3573 | D:5      | Entered Level 5 of the Dungeon
  3574 | D:5      | 3574 ||| PLANNING OSSUARY
  3624 | D:5      | Reached XP level 8. HP: 45/49 MP: 8/8
  3785 | D:5      | Found a runed translucent door.
  3791 | D:5      | 3791 ||| READING scroll labelled MAGUMU QIFAKU.
  3792 | D:5      | Found a basalt altar of Yredelemnul.
  3877 | D:5      | Reached skill level 9 in Ranged Weapons
  3983 | D:5      | Found a glowing golden altar of the Shining One.
  4180 | D:5      | Found an opulent altar of Gozag.
  4180 | D:5      | Found a sparkling altar of Nemelex Xobeh.
  4291 | D:5      | Found a sand-covered staircase.
  4292 | D:5      | 4292 ||| UPGRADING to +2 pair of boots.
  4297 | D:5      | 4297 ||| UPGRADING to +0 ring mail.
  4307 | D:5      | 4307 ||| DROPPING +0 leather armour.
  4314 | Ossuary  | Entered an ossuary
  4453 | D:5      | 4453 ||| PLANNING D:1-11
  4625 | D:5      | Reached skill level 6 in Fighting
  4763 | D:6      | Noticed Sigmund
  4768 | D:6      | Killed Sigmund
  5001 | D:6      | Reached skill level 10 in Ranged Weapons
  5023 | D:6      | Found a staircase to the Ecumenical Temple.
  5024 | D:6      | 5024 ||| PLANNING TEMPLE
  5032 | Temple   | Entered the Ecumenical Temple
  5033 | Temple   | 5033 ||| PLANNING OKAWARU WORSHIP
  5053 | Temple   | Became a worshipper of Warmaster Okawaru
  5054 | Temple   | 5054 ||| PLANNING D:1-11
  5184 | D:6      | Reached skill level 3 in Armour
  5184 | D:6      | Reached XP level 9. HP: 55/55 MP: 9/9
  5266 | D:6      | 5266 ||| READING scroll of enchant weapon.
  5266 | D:6      | 5266 ||| ENCHANTING +3 shortbow of freezing.
  5402 | D:6      | 5402 ||| READING 2 scrolls labelled BEODIF AWNU.
  5427 | D:7      | 5427 ||| Stepping ~*~*~tactically~*~*~ (cloud).
  5481 | D:7      | 5481 ||| Stepping ~*~*~tactically~*~*~ (cloud).
  5489 | D:7      | 5489 ||| RETREEAATING.
  5490 | D:7      | 5490 ||| Stepping ~*~*~tactically~*~*~ (retreating).
  5491 | D:7      | 5491 ||| Stepping ~*~*~tactically~*~*~ (retreating).
  5492 | D:7      | 5492 ||| STAIRDANCE
  5502 | D:6      | 5502 ||| Stepping ~*~*~tactically~*~*~ (cloud).
  5503 | D:6      | 5503 ||| UPGRADING to +0 steam dragon scales.
  5513 | D:6      | 5513 ||| DROPPING +0 ring mail.
  5517 | D:7      | 5517 ||| STAIRDANCE
  5519 | D:6      | 5519 ||| Stepping ~*~*~tactically~*~*~ (retreating).
  5520 | D:6      | 5520 ||| Stepping ~*~*~tactically~*~*~ (retreating).
  5521 | D:6      | 5521 ||| Stepping ~*~*~tactically~*~*~ (retreating).
  5531 | D:6      | Reached skill level 3 in Dodging
  5545 | D:7      | Reached * piety under Okawaru
  5600 | D:7      | 5600 ||| RETREEAATING.
  5605 | D:7      | 5605 ||| Stepping ~*~*~tactically~*~*~ (retreating).
  5606 | D:7      | 5606 ||| Stepping ~*~*~tactically~*~*~ (retreating).
  5607 | D:7      | 5607 ||| Stepping ~*~*~tactically~*~*~ (retreating).
  5616 | D:7      | Reached skill level 1 in Invocations
  5633 | D:7      | Found a shimmering blue altar of Sif Muna.
  5713 | D:7      | Noticed Menkaure
  5714 | D:7      | 5714 ||| INVOKING Heroism.
  5720 | D:7      | Killed Menkaure
  5731 | D:7      | 5731 ||| FLEEEEING.
  5742 | D:7      | Noticed Maggie
  5747 | D:7      | 5747 ||| FLEEEEING.
  5748 | D:7      | 5748 ||| FLEEEEING.
  5752 | D:7      | 5752 ||| INVOKING Heroism.
  5754 | D:7      | 5754 ||| RETREEAATING.
  5755 | D:7      | 5755 ||| STILL RETREEAATING.
  5756 | D:7      | 5756 ||| RETREEAATING.
  5762 | D:7      | Killed Maggie
  5763 | D:7      | Reached skill level 3 in Invocations
  5768 | D:7      | Reached skill level 11 in Ranged Weapons
  6014 | D:7      | Found an ornate altar of the Wu Jian Council.
  6090 | D:7      | 6090 ||| RETREEAATING.
  6092 | D:7      | 6092 ||| STILL RETREEAATING.
  6093 | D:7      | 6093 ||| STILL RETREEAATING.
  6094 | D:7      | 6094 ||| STILL RETREEAATING.
  6095 | D:7      | 6095 ||| STILL RETREEAATING.
  6096 | D:7      | 6096 ||| Stepping ~*~*~tactically~*~*~ (retreating).
  6097 | D:7      | 6097 ||| Stepping ~*~*~tactically~*~*~ (retreating).
  6098 | D:7      | 6098 ||| Stepping ~*~*~tactically~*~*~ (retreating).
  6235 | D:7      | Reached ** piety under Okawaru
  6236 | D:7      | Reached XP level 10. HP: 64/64 MP: 13/13
  6308 | D:7      | 6308 ||| INVOKING Heroism.
  6567 | D:7      | 6567 ||| SWAPPING to +0 orcbow.
  6568 | D:7      | 6568 ||| DROPPING +4 shortbow of freezing.
  6569 | D:7      | 6569 ||| UPGRADING to +0 swamp dragon scales.
  6579 | D:7      | 6579 ||| DROPPING +0 steam dragon scales.
  6580 | D:7      | 6580 ||| DROPPING amulet of the acrobat.
  6581 | D:7      | 6581 ||| READING 2 scrolls of identify.
  6581 | D:7      | 6581 ||| IDENTIFYING yellow potion
  6583 | D:8      | Noticed a two-headed ogre
  6584 | D:8      | 6584 ||| STAIRDANCE
  6611 | D:8      | 6611 ||| STAIRDANCE
  6613 | D:7      | 6613 ||| INVOKING Heroism.
  6623 | D:7      | Killed a two-headed ogre
  6683 | D:8      | 6683 ||| STAIRDANCE
  6685 | D:7      | 6685 ||| INVOKING Heroism.
  6751 | D:8      | 6751 ||| STAIRDANCE
  6754 | D:7      | 6754 ||| INVOKING Heroism.
  6833 | D:8      | 6833 ||| STAIRDANCE
  6841 | D:7      | 6841 ||| INVOKING Heroism.
  6930 | D:8      | 6930 ||| STAIRDANCE
  6933 | D:7      | 6933 ||| INVOKING Heroism.
  6943 | D:7      | HP: 14/64 [yak (5)]
  6944 | D:7      | 6944 ||| READING 4 scrolls of teleportation.
  7160 | D:8      | 7160 ||| Stepping ~*~*~tactically~*~*~ (retreating).
  7161 | D:8      | 7161 ||| Stepping ~*~*~tactically~*~*~ (retreating).
  7162 | D:8      | 7162 ||| Stepping ~*~*~tactically~*~*~ (retreating).
  7169 | D:8      | 7169 ||| Stepping ~*~*~tactically~*~*~ (retreating).
  7170 | D:8      | 7170 ||| Stepping ~*~*~tactically~*~*~ (retreating).
  7171 | D:8      | 7171 ||| Stepping ~*~*~tactically~*~*~ (retreating).
  7172 | D:8      | 7172 ||| Stepping ~*~*~tactically~*~*~ (retreating).
  7236 | D:8      | Reached skill level 12 in Ranged Weapons
  7269 | D:8      | 7269 ||| INVOKING Heroism.
  7355 | D:8      | Noticed a cyclops
  7356 | D:8      | 7356 ||| INVOKING Heroism.
  7364 | D:8      | Killed a cyclops
  7399 | D:8      | Found Doirghis's Weapon Shoppe.
  7400 | D:8      | 7400 ||| INVOKING Heroism.
  7406 | D:8      | 7406 ||| Stepping ~*~*~tactically~*~*~ (cloud).
  7568 | D:8      | 7568 ||| READING 3 scrolls of identify.
  7568 | D:8      | 7568 ||| IDENTIFYING purple potion
  7569 | D:8      | 7569 ||| READING 2 scrolls of identify.
  7569 | D:8      | 7569 ||| IDENTIFYING silvery potion
  7592 | D:9      | 7592 ||| STAIRDANCE
  7632 | D:9      | 7632 ||| STAIRDANCE
  7692 | D:9      | Noticed a boulder beetle
  7693 | D:9      | 7693 ||| INVOKING Heroism.
  7720 | D:9      | 7720 ||| INVOKING Heroism.
  7725 | D:9      | HP: 10/64 [boulder beetle (17)]
  7726 | D:9      | 7726 ||| READING 3 scrolls of teleportation.
  7729 | D:9      | Killed a boulder beetle
  7730 | D:9      | Reached skill level 13 in Ranged Weapons
  7750 | D:9      | Noticed a two-headed ogre
  7751 | D:9      | 7751 ||| INVOKING Heroism.
  7752 | D:9      | 7752 ||| READING 2 scrolls of teleportation.
  7755 | D:9      | HP: 9/64 [two-headed ogre/+0 giant spiked club (8)]
  7950 | D:9      | 7950 ||| RETREEAATING.
  7962 | D:9      | Reached XP level 11. HP: 49/68 MP: 14/14
  7963 | D:9      | 7963 ||| INVOKING Heroism.
  8112 | D:9      | 8112 ||| INVOKING Heroism.
  8123 | D:9      | Reached skill level 9 in Fighting
  8234 | D:9      | Noticed a cyclops
  8235 | D:9      | 8235 ||| INVOKING Heroism.
  8239 | D:9      | Killed a cyclops
  8288 | D:9      | Found a shadowy altar of Dithmenos.
  8345 | D:9      | 8345 ||| INVOKING Heroism.
  8359 | D:9      | Killed a two-headed ogre
  8455 | D:9      | Found a runed translucent door.
  8718 | D:9      | Found the +8 whip "Snakebite" {venom, curare, rPois}
  8720 | D:9      | 8720 ||| READING scroll labelled DAURCH EZIYCLAGH.
  8721 | D:9      | 8721 ||| READING 3 scrolls of identify.
  8721 | D:9      | 8721 ||| IDENTIFYING amethyst potion
  8722 | D:9      | 8722 ||| READING 2 scrolls of identify.
  8722 | D:9      | 8722 ||| IDENTIFYING smoky blue potion
  8723 | D:9      | 8723 ||| DROPPING potion of ambrosia.
  8734 | D:10     | Entered Level 10 of the Dungeon
  8750 | D:10     | 8750 ||| Stepping ~*~*~tactically~*~*~ (retreating).
  8751 | D:10     | 8751 ||| Stepping ~*~*~tactically~*~*~ (retreating).
  8752 | D:10     | 8752 ||| Stepping ~*~*~tactically~*~*~ (retreating).
  8753 | D:10     | 8753 ||| Stepping ~*~*~tactically~*~*~ (retreating).
  8754 | D:10     | 8754 ||| Stepping ~*~*~tactically~*~*~ (retreating).
  8755 | D:10     | 8755 ||| Stepping ~*~*~tactically~*~*~ (retreating).
  8767 | D:10     | 8767 ||| INVOKING Heroism.
  8781 | D:10     | 8781 ||| INVOKING Heroism.
  8918 | D:10     | Found a staircase to the Orcish Mines.
  8943 | D:10     | Noticed a two-headed ogre
  8944 | D:10     | 8944 ||| INVOKING Heroism.
  8951 | D:10     | Killed a two-headed ogre
  8952 | D:10     | Reached skill level 14 in Ranged Weapons
  8979 | D:10     | Found a flagged portal.
  9068 | D:10     | 9068 ||| INVOKING Heroism.
  9084 | D:10     | Reached skill level 6 in Armour
  9322 | D:10     | Found a runed translucent door.
  9324 | D:10     | Found a runed translucent door.
  9433 | D:10     | Reached *** piety under Okawaru
  9868 | D:10     | 9868 ||| UPGRADING to +0 pair of gloves.
  9873 | D:10     | 9873 ||| READING scroll labelled BUNEUMOAPSEL.
  9974 | D:10     | 9974 ||| DRINKING 2 dark potions.
  9975 | D:10     | 9975 ||| READING 2 scrolls of identify.
  9975 | D:10     | 9975 ||| IDENTIFYING black potion
  9976 | D:10     | 9976 ||| DROPPING potion of brilliance.
 10048 | D:11     | 10048 ||| INVOKING Heroism.
 10119 | D:11     | Noticed a boulder beetle
 10120 | D:11     | 10120 ||| INVOKING Heroism.
 10140 | D:11     | 10140 ||| INVOKING Heroism.
 10155 | D:11     | Killed a boulder beetle
 10226 | D:11     | 10226 ||| Stepping ~*~*~tactically~*~*~ (retreating).
 10227 | D:11     | 10227 ||| Stepping ~*~*~tactically~*~*~ (retreating).
 10228 | D:11     | 10228 ||| Stepping ~*~*~tactically~*~*~ (retreating).
 10229 | D:11     | 10229 ||| Stepping ~*~*~tactically~*~*~ (retreating).
 10230 | D:11     | 10230 ||| Stepping ~*~*~tactically~*~*~ (retreating).
 10231 | D:11     | 10231 ||| Stepping ~*~*~tactically~*~*~ (retreating).
 10232 | D:11     | 10232 ||| Stepping ~*~*~tactically~*~*~ (retreating).
 10299 | D:11     | 10299 ||| INVOKING Heroism.
 10458 | D:11     | Reached XP level 12. HP: 77/77 MP: 15/15
 10468 | D:11     | Noticed Buukuwni's ghost (journeyman GrFi)
 10473 | D:11     | Found a large runed translucent door.
 10474 | D:11     | Found a large runed translucent door.
 10532 | D:11     | Reached **** piety under Okawaru
 10555 | D:11     | Found a staircase to the Lair.
 10583 | D:11     | 10583 ||| FLEEEEING.
 10584 | D:11     | 10584 ||| FLEEEEING.
 10585 | D:11     | 10585 ||| FLEEEEING.
 10586 | D:11     | 10586 ||| FLEEEEING.
 10587 | D:11     | 10587 ||| FLEEEEING.
 10588 | D:11     | 10588 ||| FLEEEEING.
 10589 | D:11     | 10589 ||| FLEEEEING.
 10590 | D:11     | 10590 ||| INVOKING Heroism.
 10613 | D:11     | HP: 17/77 [acid dragon/splash of acid (25)]
 10614 | D:11     | 10614 ||| READING scroll of teleportation.
 10615 | D:11     | 10615 ||| DRINKING potion of heal wounds.
 10616 | D:11     | 10616 ||| INVOKING Heroism.
 10790 | D:11     | Found Zamoch's Antique Weapon Shop.
 11017 | D:11     | Found a white marble altar of Elyvilon.
 11237 | D:11     | Reached skill level 15 in Ranged Weapons
 11354 | D:11     | 11354 ||| PLANNING LAIR
 11354 | D:11     | 11354 ||| UPGRADING to +0 troll leather armour.
 11364 | D:11     | 11364 ||| DROPPING +0 swamp dragon scales.
 11408 | Lair:1   | Entered Level 1 of the Lair of Beasts
 11412 | Lair:1   | 11412 ||| STAIRDANCE
 11521 | Lair:1   | 11521 ||| INVOKING Heroism.
 11526 | Lair:1   | 11526 ||| Stepping ~*~*~tactically~*~*~ (retreating).
 11533 | Lair:1   | 11533 ||| Stepping ~*~*~tactically~*~*~ (retreating).
 11549 | Lair:1   | 11549 ||| INVOKING Heroism.
 11582 | Lair:1   | 11582 ||| INVOKING Heroism.
 11889 | Lair:1   | 11889 ||| FLEEEEING.
 11897 | Lair:1   | 11897 ||| RETREEAATING.
 11947 | Lair:1   | 11947 ||| INVOKING Heroism.
 12200 | Lair:1   | 12200 ||| INVOKING Heroism.
 12249 | Lair:1   | 12249 ||| INVOKING Heroism.
 12421 | Lair:1   | 12421 ||| INVOKING Heroism.
 12441 | Lair:1   | Reached skill level 16 in Ranged Weapons
 12634 | Lair:1   | 12634 ||| UPGRADING to amulet of faith.
 12644 | Lair:1   | 12644 ||| DROPPING ring of wizardry.
 12669 | Lair:2   | Noticed a death yak
 12669 | Lair:2   | Noticed a death yak
 12669 | Lair:2   | Noticed a death yak
 12670 | Lair:2   | 12670 ||| INVOKING Heroism.
 12671 | Lair:2   | 12671 ||| STAIRDANCE
 12686 | Lair:2   | 12686 ||| STAIRDANCE
 12703 | Lair:1   | 12703 ||| INVOKING Heroism.
 12707 | Lair:1   | HP: 18/77 [death yak (8)]
 12708 | Lair:1   | 12708 ||| READING scroll of teleportation.
 12708 | Lair:1   | HP: 5/77 [death yak (14)]
 12795 | Lair:2   | Found a hole to the Spider Nest.
 12840 | Lair:2   | 12840 ||| INVOKING Heroism.
 12847 | Lair:2   | 12847 ||| RETREEAATING.
 12851 | Lair:2   | 12851 ||| STILL RETREEAATING.
 12867 | Lair:2   | 12867 ||| INVOKING Heroism.
 12992 | Lair:2   | 12992 ||| RETREEAATING.
 12994 | Lair:2   | 12994 ||| STILL RETREEAATING.
 12996 | Lair:2   | 12996 ||| STILL RETREEAATING.
 12997 | Lair:2   | 12997 ||| STILL RETREEAATING.
 12998 | Lair:2   | 12998 ||| STILL RETREEAATING.
 12999 | Lair:2   | 12999 ||| STILL RETREEAATING.
 13000 | Lair:2   | 13000 ||| STILL RETREEAATING.
 13001 | Lair:2   | 13001 ||| STILL RETREEAATING.
 13002 | Lair:2   | 13002 ||| STILL RETREEAATING.
 13003 | Lair:2   | 13003 ||| STILL RETREEAATING.
 13004 | Lair:2   | 13004 ||| STILL RETREEAATING.
 13005 | Lair:2   | 13005 ||| Stepping ~*~*~tactically~*~*~ (retreating).
 13006 | Lair:2   | 13006 ||| Stepping ~*~*~tactically~*~*~ (retreating).
 13007 | Lair:2   | 13007 ||| Stepping ~*~*~tactically~*~*~ (retreating).
 13008 | Lair:2   | 13008 ||| Stepping ~*~*~tactically~*~*~ (retreating).
 13015 | Lair:2   | 13015 ||| Stepping ~*~*~tactically~*~*~ (retreating).
 13016 | Lair:2   | 13016 ||| Stepping ~*~*~tactically~*~*~ (retreating).
 13017 | Lair:2   | 13017 ||| Stepping ~*~*~tactically~*~*~ (retreating).
 13072 | Lair:2   | 13072 ||| INVOKING Heroism.
 13137 | Lair:2   | 13137 ||| RETREEAATING.
 13145 | Lair:2   | 13145 ||| INVOKING Heroism.
 13165 | Lair:2   | Killed a death yak
 13166 | Lair:2   | Reached skill level 6 in Invocations
 13208 | Lair:2   | Noticed a skyshark
 13223 | Lair:2   | Killed a skyshark
 13271 | Lair:2   | Reached XP level 13. HP: 84/84 MP: 17/17
 13385 | Lair:2   | Reached skill level 6 in Dodging
 13386 | Lair:2   | Identified the amulet "Qapt" {RegenMP Regen+}
 13486 | Lair:2   | 13486 ||| INVOKING Heroism.
 13712 | Lair:2   | 13712 ||| Stepping ~*~*~tactically~*~*~ (water).
 13712 | Lair:2   | Found a staircase to the Swamp.
 13816 | Lair:2   | 13816 ||| DROPPING amulet "Qapt" {RegenMP Regen+}.
 13817 | Lair:2   | 13817 ||| READING 2 scrolls of identify.
 13817 | Lair:2   | 13817 ||| IDENTIFYING orange potion
 13818 | Lair:2   | 13818 ||| DRINKING potion of experience.
 13818 | Lair:2   | Reached skill level 12 in Fighting
 13818 | Lair:2   | Reached skill level 9 in Invocations
 13818 | Lair:2   | Gained mutation: Your large and strong wings let you fly.
                  | [Gargoyle growth]
 13818 | Lair:2   | Reached XP level 14. HP: 92/92 MP: 18/20
 13860 | Lair:3   | Reached ***** piety under Okawaru
 13861 | Lair:3   | 13861 ||| STAIRDANCE
 14003 | Lair:3   | Found a basalt altar of Yredelemnul.
 14041 | Lair:3   | 14041 ||| INVOKING Heroism.
 14045 | Lair:3   | 14045 ||| RETREEAATING.
 14047 | Lair:3   | 14047 ||| STILL RETREEAATING.
 14063 | Lair:3   | 14063 ||| Stepping ~*~*~tactically~*~*~ (retreating).
 14064 | Lair:3   | 14064 ||| Stepping ~*~*~tactically~*~*~ (retreating).
 14077 | Lair:3   | HP: 12/92 [death yak (18)]
 14079 | Lair:3   | Slain by a blink frog

Levels and vault maps discovered:
D:1:      nzn_arrival_crosshair, layout_basic
D:2:      layout_rooms
D:3:      layout_loops_corners, nicolae_ru_great_annihilating_truth,
          serial_undead, serial_undead_d, serial_undead_b, serial_undead_a,
          serial_undead_d, serial_undead_e, serial_undead_b, uniq_terence
D:4:      layout_loops_cross, ashenzari_conservatory_becter,
          nicolae_qazlal_general_emergency, lemuel_doored_altar, uniq_edmund,
          uniq_duvessa, uniq_blork_the_orc
D:5:      layout_basic, grunt_temple_overflow_opulence, dk_yredelemnul_ordeal,
          marbit_many_paths, chequers_ossuary_entry_cave
D:6:      layout_loops_ring, minmay_temple_entry_trees, uniq_sigmund
D:7:      layout_basic, nzn_wu_jian_council_hall,
          nicolae_overflow_crystal_walls, uniq_menkaure, uniq_maggie
D:8:      layout_rooms, serial_shops, nicolae_shop_trees,
          chequers_serial_rivers_small_b
D:9:      gammafunk_indiana_jones, layout_irregular_city,
          mainiacjoe_overflow_alcove_2
D:10:     lemuel_insect_pit, layout_long_grid, hiddenorc2_lemuel,
          enter_bailey_5, roderic_roman_lattice, minivault_26
D:11:     layout_long_grid, david_lair_shrubbed, ebering_ghost_disaster_area,
          serial_shops, kennysheep_little_box, nicolae_elyvilon_temple_path
Temple:   hellmonk_temple_of_storms
Lair:1:   layout_small_grid
Lair:2:   layout_gridlike, nicolae_swamp_entry_spooky,
          spider_nest_entry_web_field
Lair:3:   layout_small_grid, basic_altar

Skill      XL: |  1  2  3  4  5  6  7  8  9 10 11 12 13 |
---------------+----------------------------------------+-----
Ranged Weapons | 5 6 7 8 10 11 13 14 16 | 16.0
Fighting       | 3 4 5 6 8 10 11 12 | 12.7
Armour         | 1 3 5 6 |  6.2
Dodging        | 2 3 4 5 6 |  6.0
Invocations    | 4 6 9 |  9.4
Stealth        | |  1.1

Action                     |  1- 3 |  4- 6 |  7- 9 | 10-12 | 13-15 || total
---------------------------+-------+-------+-------+-------+-------++-------
  Melee: Unarmed           |       |       |     3 |       |       ||     3
   Fire: Shortbow          |    98 |   149 |   363 |    14 |       ||   624
         Orcbow            |       |       |       |  1059 |   141 ||  1200
 Invoke: Heroism           |       |       |     2 |    39 |     2 ||    43
    Use: Scroll            |     2 |     4 |    10 |    13 |     1 ||    30
         Potion            |     1 |     2 |     1 |     2 |     1 ||     7
 Armour: Leather armour    |    25 |    52 |    37 |       |       ||   114
         Skin              |       |       |    17 |       |       ||    17
         Ring mail         |       |       |    39 |       |       ||    39
         Steam dragon scal |       |       |    34 |     2 |       ||    36
         Swamp dragon scal |       |       |       |   338 |       ||   338
         Troll leather arm |       |       |       |   187 |    71 ||   258
  Dodge: Dodged            |    19 |    45 |    95 |   584 |    59 ||   802
  Block: Other             |     2 |    24 |    48 |   130 |       ||   204
         Reflection        |       |     1 |       |     2 |       ||     3

Table legend:
 A = Non-vault XP
 B = Vault XP
 C = Vault XP percentage of total XP
 D = Non-vault monster count
 E = Vault monster count
 F = Vault count percentage of total count
                 A         B        C        D         E       F
            +---------+---------+-------+---------+---------+-------
      Total |   32487 |    3752 |  10.4 |     235 |      69 |  22.7
            +---------+---------+-------+---------+---------+-------
        D:1 |      47 |       0 |   0.0 |      22 |       0 |   0.0
        D:2 |      89 |       0 |   0.0 |      15 |       0 |   0.0
        D:3 |      55 |     297 |  84.4 |       9 |      10 |  52.6
        D:4 |     375 |     311 |  45.3 |      16 |       3 |  15.8
        D:5 |     537 |      12 |   2.2 |      12 |       2 |  14.3
        D:6 |     730 |     231 |  24.0 |      12 |       1 |   7.7
        D:7 |    3390 |     548 |  13.9 |      33 |       2 |   5.7
        D:8 |    1449 |       0 |   0.0 |      11 |       0 |   0.0
        D:9 |    3720 |       0 |   0.0 |      21 |       0 |   0.0
       D:10 |    3065 |     320 |   9.5 |      16 |      36 |  69.2
       D:11 |    4426 |     333 |   7.0 |      19 |       1 |   5.0
     Lair:1 |    5474 |       0 |   0.0 |      23 |       0 |   0.0
     Lair:2 |    7885 |    1586 |  16.7 |      23 |       5 |  17.9
     Lair:3 |    1245 |       0 |   0.0 |       3 |       0 |   0.0
    Ossuary |       0 |     114 | 100.0 |       0 |       9 | 100.0
            +---------+---------+-------+---------+---------+-------
